Punishers vs Canucks
(R1)
Created - December 10, 2024 at 19:24
Goals
|
| Punishers |
5 |
3 |
1 |
9 |
| Canucks |
2 |
0 |
3 |
5 |
|
Shots
|
| Punishers |
28 |
7 |
5 |
40 |
| Canucks |
8 |
6 |
11 |
25 |
|
1st period
1. Punishers , Karson Kuhlman 9 (Niko Mikkola 10, Oskar Lindblom 10) at 7:15
2. Punishers , Ben Betker 4 (Niko Mikkola 11, Karson Kuhlman 15) at 8:14 (PP)
3. Punishers , Kole Lind 9 (Niko Mikkola 12) at 12:40
4. Punishers , Oskar Lindblom 11 (Ben Betker 7, Karson Kuhlman 16) at 13:34 (PP)
5. Canucks , Trevor Moore 10 (William Lockwood 7, Axel Holmstrom 7) at 14:50
6. Punishers , Oskar Lindblom 12 (Karson Kuhlman 17, Kurtis Gabriel 8) at 17:15
7. Canucks , William Lockwood 5 (Axel Holmstrom 8, Adam Ollas-Mattsson 17) at 19:03 (PP)
Penalties :
Niko Mikkola (Pro) for High sticking (Minor) at 4:03, Axel Holmstrom (Abb) for Hooking (Minor) at 8:05, William Lockwood (Abb) for Holding Stick (Minor) at 13:22, Nicolas Beaudin (Pro) for Holding (Minor) at 18:29
2nd period
8. Punishers , Jesse Ylonen 6 (Oskar Lindblom 11) at 1:21
9. Punishers , Daniel Audette 10 (Rasmus Sandin 4, Warren Foegele 8) at 5:48
10. Punishers , Jesse Ylonen 7 (Oskar Lindblom 12, Urho Vaakanainen 4) at 11:55
Penalties :
Ben Meyers (Pro) for Hooking (Minor) at 6:41, Tobias Lindberg (Abb) for Tripping (Minor) at 17:35
3rd period
11. Canucks , Ryan Lomberg 18 (Nicolas Petan 20) at 6:01 (PP)
12. Canucks , Axel Holmstrom 5 (William Lagesson 10, Thatcher Demko) at 7:34 (PP)
13. Canucks , Trevor Moore 11 (Jack Rathbone 1, Will Borgen 3) at 14:44
14. Punishers , Daniel Audette 11 (Kole Lind 14) at 18:49 (PP)
Penalties :
William Lagesson (Abb) for Tripping (Minor) at 3:41, Braden Tracey (Pro) for Holding (Minor) at 6:00, Nicolas Beaudin (Pro) for Interference (Minor) at 7:03, Axel Holmstrom (Abb) for Hooking (Minor) at 15:46, Lane Pederson (Abb) for Hooking (Minor) at 18:32
Goalie Stats
Antoine Bibeau (Pro), 20 saves from 25 shots - (0.800), W, 10-4-2, 60:00 minutes
Thatcher Demko (Abb), 16 saves from 21 shots - (0.762), 41:39 minutes
Casey DeSmith (Abb), 15 saves from 19 shots - (0.789), L, 2-2-2, 18:21 minutes
Players Stats for Punishers
Player Name G A P +/- PIM S H SB GA TA FO MP PP MP PK MP
------------------------------------------------------------------------------------
Adam Ruzicka 0 0 0 0 0 3 2 0 2 0 2/6 12:02 0:00 0:18
Ben Betker 1 1 2 1 0 4 5 1 0 0 0/0 27:33 4:04 3:25
Ben Meyers 0 0 0 2 2 0 0 0 0 1 0/1 8:14 0:00 0:00
Braden Tracey 0 0 0 0 2 0 3 0 0 0 0/0 11:42 0:00 0:00
Carson Meyer 0 0 0 0 0 3 1 0 0 1 0/0 11:44 0:00 0:00
Daniel Audette 2 0 2 1 0 3 3 0 0 0 7/19 18:34 2:52 1:23
Jesse Ylonen 2 0 2 2 0 5 0 0 0 1 0/0 9:03 0:00 0:48
Karson Kuhlman 1 3 4 1 0 4 0 0 1 1 14/32 20:43 3:43 2:55
Kole Lind 1 1 2 1 0 2 0 1 1 0 0/0 17:13 2:52 0:00
Kurtis Gabriel 0 1 1 1 0 4 4 0 2 0 0/1 18:59 3:43 1:23
Lassi Thomson 0 0 0 1 0 0 0 0 0 0 0/0 12:30 0:00 0:53
Nicolas Beaudin 0 0 0 2 4 0 2 0 0 0 0/0 20:15 2:31 1:39
Niko Mikkola 0 3 3 1 2 0 2 1 0 1 0/0 26:36 4:04 2:13
Oskar Lindblom 2 3 5 3 0 7 2 0 1 3 3/6 26:30 3:43 2:49
Rasmus Sandin 0 1 1 1 0 1 0 2 1 0 0/0 11:43 0:00 0:31
Ryan Suzuki 0 0 0 0 0 0 1 0 0 0 0/0 2:02 0:00 0:00
Urho Vaakanainen 0 1 1 2 0 3 0 3 0 2 0/0 20:23 2:31 1:27
Warren Foegele 0 1 1 1 0 1 1 0 0 0 0/0 18:08 2:52 0:32
Players Stats for Canucks
Player Name G A P +/- PIM S H SB GA TA FO MP PP MP PK MP
------------------------------------------------------------------------------------
Adam Ollas-Mattsson 0 1 1 -3 0 1 1 1 1 0 0/0 28:31 3:14 3:19
Aku Raty 0 0 0 -2 0 0 0 0 0 0 0/0 9:14 0:00 0:00
Aleksi Heponiemi 0 0 0 -2 0 0 0 0 0 1 2/2 9:17 0:00 0:00
Axel Holmstrom 1 2 3 1 4 2 2 0 0 0 5/9 16:27 2:15 0:21
C.J. Smith 0 0 0 -2 0 2 2 1 0 0 0/1 9:25 0:10 0:00
Daniil Miromanov 0 0 0 -1 0 1 0 0 0 1 0/0 20:14 1:50 2:58
Guillaume Brisebois 0 0 0 -1 0 1 3 1 0 1 0/0 20:02 1:50 2:58
Jack Rathbone 0 1 1 0 0 0 1 0 0 0 0/0 10:59 0:00 0:48
Juho Lammikko 0 0 0 -2 0 0 0 2 1 2 0/1 20:04 2:39 1:27
Lane Pederson 0 0 0 -1 2 2 0 0 0 1 6/7 10:52 0:00 1:18
Mackenzie MacEachern 0 0 0 -1 0 2 0 0 0 1 0/0 10:28 0:10 0:45
Nicolas Petan 0 1 1 -2 0 2 0 1 0 0 19/32 22:43 2:49 4:05
Ryan Lomberg 1 0 1 -2 0 3 2 0 3 0 6/11 22:11 2:39 3:47
Tobias Lindberg 0 0 0 -1 2 1 1 0 1 0 0/0 9:28 0:00 0:00
Trevor Moore 2 0 2 1 0 5 4 0 0 0 0/0 17:39 2:15 1:27
Will Borgen 0 1 1 0 0 0 1 0 1 0 0/0 10:29 0:00 0:18
William Lagesson 0 1 1 -3 2 1 0 2 2 1 0/0 28:09 3:14 2:49
William Lockwood 1 1 2 1 2 2 0 0 1 0 1/2 15:59 2:15 0:00
3 Stars
1 - Oskar Lindblom (Pro)
2 - Karson Kuhlman (Pro)
3 - Daniel Audette (Pro)
Power Play
Punishers - 3 on 6 Attempt(s) - 50.00%
Canucks - 3 on 5 Attempt(s) - 60.00%
Penalty Kill
Punishers - 2 on 5 Attempt(s) - 40.00%
- Score 0 goal in Penalty Kill
Canucks - 3 on 6 Attempt(s) - 50.00%
- Score 0 goal in Penalty Kill
Team Stat
Punishers - Hits : 26 - Faceoff Wins : 26 - Blocked Shots : 8 - Penalty Minutes : 10
Canucks - Hits : 17 - Faceoff Wins : 39 - Blocked Shots : 8 - Penalty Minutes : 12
Official
Referees : Steve Kozari and Dan O'Rourke
Linesman : Mark Shewchyk and David Brisebois
Game Notes
Casey DeSmith enters game at 13:34 of 1st period
Thatcher Demko enters game at 11:55 of 2nd period
Finance
Level 1 -- Attendance: 2000 (100.00%) -- Ticket Income $140,000
Level 2 -- Attendance: 1000 (100.00%) -- Ticket Income $40,000
Total Attendance: 3000 (100.00%)
Total Ticket Income: $180,000
Other Income: $9,000
Total Income: $189,000
Punishers
5 vs 5 Forward
Center Left Wing Right Wing Time % Phy DF OF
1 Karson Kuhlman Oskar Lindblom Kurtis Gabriel 40 1 2 2
2 Daniel Audette Warren Foegele Kole Lind 30 1 2 2
3 Adam Ruzicka Braden Tracey Carson Meyer 20 1 2 2
4 Ben Meyers Oskar Lindblom Jesse Ylonen 10 1 2 2
5 vs 5 Defense
Defense Defense Time % Phy DF OF
1 Ben Betker Niko Mikkola 40 1 2 2
2 Nicolas Beaudin Urho Vaakanainen 30 1 2 2
3 Rasmus Sandin Lassi Thomson 20 1 2 2
4 Ben Betker Niko Mikkola 10 1 2 2
PowerPlay Forward
Center Left Wing Right Wing Time % Phy DF OF
1 Karson Kuhlman Oskar Lindblom Kurtis Gabriel 60 1 2 2
2 Daniel Audette Warren Foegele Kole Lind 40 1 2 2
PowerPlay Defense
Defense Defense Time % Phy DF OF
1 Ben Betker Niko Mikkola 60 1 2 2
2 Nicolas Beaudin Urho Vaakanainen 40 1 2 2
Penalty Kill 4 Players Forward
Center Wing Time % Phy DF OF
1 Oskar Lindblom Karson Kuhlman 60 1 2 2
2 Daniel Audette Kurtis Gabriel 40 1 2 2
Penalty Kill 4 Players Defense
Defense Defense Time % Phy DF OF
1 Ben Betker Niko Mikkola 60 1 2 2
2 Nicolas Beaudin Urho Vaakanainen 40 1 2 2
Penalty Kill - 3 Players Forward
Forward Time % Phy DF OF
1 Oskar Lindblom 60 1 2 2
2 Karson Kuhlman 40 1 2 2
Penalty Kill - 3 Players Defense
Defense Defense Time % Phy DF OF
1 Ben Betker Niko Mikkola 60 1 2 2
2 Nicolas Beaudin Urho Vaakanainen 40 1 2 2
4 vs 4 Forward
Center Wing Time % Phy DF OF
1 Oskar Lindblom Karson Kuhlman 60 1 2 2
2 Daniel Audette Kurtis Gabriel 40 1 2 2
4 vs 4 Defense
Defense Defense Time % Phy DF OF
1 Ben Betker Niko Mikkola 60 1 2 2
2 Nicolas Beaudin Urho Vaakanainen 40 1 2 2
Last Minutes Offensive
Center Left Wing Right Wing Defense Defense
Karson Kuhlman Oskar Lindblom Kurtis Gabriel Ben Betker Niko Mikkola
Last Minutes Defensive
Center Left Wing Right Wing Defense Defense
Karson Kuhlman Oskar Lindblom Kurtis Gabriel Ben Betker Niko Mikkola
Goaltenders
Starting : Antoine Bibeau
Backup : Cal Petersen
Extra Forwards
Normal : Ryan Suzuki, Carson Meyer, Jesse Ylonen - PP : Ryan Suzuki, Carson Meyer - PK : Jesse Ylonen
Extra Defensemen
Normal : Rasmus Sandin, Lassi Thomson, Nicolas Beaudin - PP : Rasmus Sandin - PK : Lassi Thomson, Nicolas Beaudin
Penalty Shots
Oskar Lindblom, Karson Kuhlman, Daniel Audette, Kurtis Gabriel, Kole Lind
Custom OT Lines Forwards
Oskar Lindblom, Karson Kuhlman, Daniel Audette, Kurtis Gabriel, Kole Lind, Warren Foegele, Carson Meyer, Jesse Ylonen, Adam Ruzicka, Ben Meyers
Custom OT Lines Defensemen
Ben Betker, Niko Mikkola, Nicolas Beaudin, Urho Vaakanainen, Rasmus Sandin
Scratches
Joel Kiviranta (Healthy), Noah Juulsen (Healthy), Jack Ahcan (Lower Body Injury), Marcus Karlberg (Healthy), Jack LaFontaine (Healthy)
Carter Gylander (Healthy)
Canucks
5 vs 5 Forward
Center Left Wing Right Wing Time % Phy DF OF
1 Nicolas Petan Ryan Lomberg Juho Lammikko 40 1 2 2
2 Axel Holmstrom Trevor Moore William Lockwood 30 1 2 2
3 Lane Pederson Mackenzie MacEachern Tobias Lindberg 20 1 2 2
4 Aleksi Heponiemi C.J. Smith Aku Raty 10 1 2 2
5 vs 5 Defense
Defense Defense Time % Phy DF OF
1 Adam Ollas-Mattsson William Lagesson 40 1 2 2
2 Daniil Miromanov Guillaume Brisebois 30 1 2 2
3 Will Borgen Jack Rathbone 20 1 2 2
4 Adam Ollas-Mattsson William Lagesson 10 1 2 2
PowerPlay Forward
Center Left Wing Right Wing Time % Phy DF OF
1 Nicolas Petan Ryan Lomberg Juho Lammikko 60 1 2 2
2 Axel Holmstrom Trevor Moore William Lockwood 40 1 2 2
PowerPlay Defense
Defense Defense Time % Phy DF OF
1 Adam Ollas-Mattsson William Lagesson 60 1 2 2
2 Daniil Miromanov Guillaume Brisebois 40 1 2 2
Penalty Kill 4 Players Forward
Center Wing Time % Phy DF OF
1 Ryan Lomberg Nicolas Petan 60 1 2 2
2 Juho Lammikko Trevor Moore 40 1 2 2
Penalty Kill 4 Players Defense
Defense Defense Time % Phy DF OF
1 Adam Ollas-Mattsson William Lagesson 60 1 2 2
2 Daniil Miromanov Guillaume Brisebois 40 1 2 2
Penalty Kill - 3 Players Forward
Forward Time % Phy DF OF
1 Ryan Lomberg 60 1 2 2
2 Nicolas Petan 40 1 2 2
Penalty Kill - 3 Players Defense
Defense Defense Time % Phy DF OF
1 Adam Ollas-Mattsson William Lagesson 60 1 2 2
2 Daniil Miromanov Guillaume Brisebois 40 1 2 2
4 vs 4 Forward
Center Wing Time % Phy DF OF
1 Ryan Lomberg Nicolas Petan 60 1 2 2
2 Juho Lammikko Trevor Moore 40 1 2 2
4 vs 4 Defense
Defense Defense Time % Phy DF OF
1 Adam Ollas-Mattsson William Lagesson 60 1 2 2
2 Daniil Miromanov Guillaume Brisebois 40 1 2 2
Last Minutes Offensive
Center Left Wing Right Wing Defense Defense
Nicolas Petan Ryan Lomberg Juho Lammikko Adam Ollas-Mattsson William Lagesson
Last Minutes Defensive
Center Left Wing Right Wing Defense Defense
Nicolas Petan Ryan Lomberg Juho Lammikko Adam Ollas-Mattsson William Lagesson
Goaltenders
Starting : Thatcher Demko
Backup : Casey DeSmith
Extra Forwards
Normal : Mackenzie MacEachern, C.J. Smith, Lane Pederson - PP : Mackenzie MacEachern, C.J. Smith - PK : Lane Pederson
Extra Defensemen
Normal : Will Borgen, Jack Rathbone, Daniil Miromanov - PP : Will Borgen - PK : Jack Rathbone, Daniil Miromanov
Penalty Shots
Ryan Lomberg, Nicolas Petan, Juho Lammikko, Trevor Moore, Axel Holmstrom
Custom OT Lines Forwards
Ryan Lomberg, Nicolas Petan, Juho Lammikko, Trevor Moore, Axel Holmstrom, Mackenzie MacEachern, C.J. Smith, William Lockwood, Lane Pederson, Aleksi Heponiemi
Custom OT Lines Defensemen
Adam Ollas-Mattsson, William Lagesson, Daniil Miromanov, Guillaume Brisebois, Will Borgen
Scratches
Charles Hudon (Healthy), Curtis Lazar (Suspend), Brandon Saigeon (Healthy), Jay O'Brien (Healthy), Dan Renouf (Healthy)
Rasmus Asplund (Healthy), Jake Paterson (Healthy), Marek Langhamer (Healthy)
% Time on Ice - Punishers
Lines # - Real PCT - Wanted PCT - Time Play
Normal Forward
1 - 34% - 40% - 16:17
2 - 31% - 30% - 14:52
3 - 25% - 20% - 12:12
4 - 10% - 10% - 5:00
Normal Defense
1 - 40% - 40% - 19:17
2 - 33% - 30% - 16:05
3 - 23% - 20% - 11:00
4 - 4% - 10% - 1:59
PP Forward
1 - 56% - 60% - 3:43
2 - 44% - 40% - 2:52
PP Defense
1 - 62% - 60% - 4:04
2 - 38% - 40% - 2:31
PK Forward
1 - 73% - 60% - 3:41
2 - 27% - 40% - 1:23
PK Defense
1 - 71% - 60% - 3:37
2 - 29% - 40% - 1:27
PK3 Forward
1 - 0% - 60%
2 - 0% - 40%
PK3 Defense
1 - 0% - 60%
2 - 0% - 40%
44 Forward
1 - 0% - 60%
2 - 0% - 40%
44 Defense
1 - 0% - 60%
2 - 0% - 40%
Last Minute Offensive - 0:00
Last Minute Defensive - 0:00
Total
Forward - 60:00
Defense - 60:00
|
% Time on Ice - Canucks
Lines # - Real PCT - Wanted PCT - Time Play
Normal Forward
1 - 33% - 40% - 15:52
2 - 29% - 30% - 13:57
3 - 19% - 20% - 9:18
4 - 19% - 10% - 9:14
Normal Defense
1 - 42% - 40% - 20:12
2 - 32% - 30% - 15:26
3 - 22% - 20% - 10:48
4 - 4% - 10% - 1:55
PP Forward
1 - 56% - 60% - 2:49
2 - 44% - 40% - 2:15
PP Defense
1 - 64% - 60% - 3:14
2 - 36% - 40% - 1:50
PK Forward
1 - 78% - 60% - 5:08
2 - 22% - 40% - 1:27
PK Defense
1 - 55% - 60% - 3:37
2 - 45% - 40% - 2:58
PK3 Forward
1 - 0% - 60%
2 - 0% - 40%
PK3 Defense
1 - 0% - 60%
2 - 0% - 40%
44 Forward
1 - 0% - 60%
2 - 0% - 40%
44 Defense
1 - 0% - 60%
2 - 0% - 40%
Last Minute Offensive - 0:00
Last Minute Defensive - 0:00
Total
Forward - 60:00
Defense - 60:00
|
Play-by-Play
1st period
0:01 of 1st period - Nicolas Petan wins face-off versus Karson Kuhlman in neutral zone.
0:04 of 1st period - Wrist shot by Ryan Lomberg.
0:04 of 1st period - Shot Hit the Post.
0:06 of 1st period - Slapshot by Adam Ollas-Mattsson.
0:06 of 1st period - Shot Misses the Net.
0:08 of 1st period - Backhand shot by Nicolas Petan.
0:08 of 1st period - Shot Misses the Net.
0:26 of 1st period - Adam Ollas-Mattsson is hit by Niko Mikkola and loses puck.
1:18 of 1st period - Wrist shot by C.J. Smith.
1:18 of 1st period - Stopped by Antoine Bibeau without a rebound.
1:19 of 1st period - Nicolas Petan wins face-off versus Daniel Audette in Punishers zone.
1:24 of 1st period - Snap shot by Ryan Lomberg.
1:24 of 1st period - Shot Misses the Net.
1:44 of 1st period - Trevor Moore is hit by Kurtis Gabriel.
1:50 of 1st period - Slapshot by William Lockwood.
1:50 of 1st period - Stopped by Antoine Bibeau with a rebound.
3:10 of 1st period - William Lockwood is hit by Braden Tracey and loses puck.
3:23 of 1st period - Mackenzie MacEachern is hit by Daniel Audette and loses puck.
3:34 of 1st period - Snap shot by Kole Lind.
3:34 of 1st period - Stopped by Thatcher Demko without a rebound.
3:35 of 1st period - Nicolas Petan wins face-off versus Karson Kuhlman in Canucks zone.
3:42 of 1st period - Wrist shot by Ryan Lomberg.
3:42 of 1st period - Shot Misses the Net.
4:03 of 1st period - Minor Penalty to Niko Mikkola for High sticking.
4:04 of 1st period - Oskar Lindblom wins face-off versus Nicolas Petan in Punishers zone.
4:36 of 1st period - Snap shot by William Lockwood.
4:36 of 1st period - Shot Misses the Net.
6:03 of 1st period - Penalty to Niko Mikkola is over, Niko Mikkola is back on ice.
6:14 of 1st period - Snap shot by Lane Pederson.
6:14 of 1st period - Shot Misses the Net.
6:36 of 1st period - Urho Vaakanainen is hit by Jack Rathbone and loses puck.
6:49 of 1st period - Ben Betker is hit by Adam Ollas-Mattsson and loses puck.
7:04 of 1st period - William Lagesson is hit by Braden Tracey and loses puck.
7:09 of 1st period - Snap shot by Carson Meyer.
7:09 of 1st period - Stopped by Thatcher Demko without a rebound.
7:10 of 1st period - Karson Kuhlman wins face-off versus Nicolas Petan in Canucks zone.
7:11 of 1st period - Snap shot by Oskar Lindblom.
7:11 of 1st period - Stopped by Thatcher Demko with a rebound.
7:13 of 1st period - Slapshot by Niko Mikkola.
7:13 of 1st period - Shot Blocked by Guillaume Brisebois.
7:15 of 1st period - Snap shot by Karson Kuhlman.
7:15 of 1st period - Goal by Karson Kuhlman - Punishers : 1 - Canucks : 0.
7:16 of 1st period - Nicolas Petan wins face-off versus Karson Kuhlman in neutral zone.
7:27 of 1st period - Slapshot by Nicolas Petan.
7:27 of 1st period - Shot Misses the Net.
7:29 of 1st period - Slapshot by Adam Ollas-Mattsson.
7:29 of 1st period - Stopped by Antoine Bibeau without a rebound.
7:30 of 1st period - Karson Kuhlman wins face-off versus Nicolas Petan in Punishers zone.
7:38 of 1st period - Slapshot by Ben Betker.
7:38 of 1st period - Stopped by Thatcher Demko without a rebound.
7:39 of 1st period - Nicolas Petan wins face-off versus Karson Kuhlman in Canucks zone.
8:00 of 1st period - Slapshot by Kurtis Gabriel.
8:00 of 1st period - Shot Misses the Net.
8:02 of 1st period - Snap shot by Ben Betker.
8:02 of 1st period - Stopped by Thatcher Demko without a rebound.
8:03 of 1st period - Axel Holmstrom wins face-off versus Daniel Audette in Canucks zone.
8:05 of 1st period - Minor Penalty to Axel Holmstrom for Hooking.
8:06 of 1st period - Karson Kuhlman wins face-off versus Ryan Lomberg in Canucks zone.
8:10 of 1st period - Wrist shot by Karson Kuhlman.
8:10 of 1st period - Deflect By Nicolas Petan.
8:10 of 1st period - Stopped by Thatcher Demko with a rebound.
8:12 of 1st period - Slapshot by Niko Mikkola.
8:12 of 1st period - Shot Blocked by Nicolas Petan.
8:14 of 1st period - Wrist shot by Ben Betker.
8:14 of 1st period - Goal by Ben Betker - Punishers : 2 - Canucks : 0.
8:15 of 1st period - Karson Kuhlman wins face-off versus Nicolas Petan in neutral zone.
8:20 of 1st period - Juho Lammikko is hit by Oskar Lindblom and loses puck.
8:27 of 1st period - Snap shot by Nicolas Petan.
8:27 of 1st period - Shot Blocked by Rasmus Sandin.
8:29 of 1st period - Slapshot by Nicolas Petan.
8:29 of 1st period - Shot Blocked by Rasmus Sandin.
8:46 of 1st period - Lassi Thomson is hit by Trevor Moore and loses puck.
8:58 of 1st period - Icing by Rasmus Sandin.
8:59 of 1st period - Lane Pederson wins face-off versus Adam Ruzicka in Punishers zone.
10:06 of 1st period - Icing by Ben Meyers.
10:07 of 1st period - Aleksi Heponiemi wins face-off versus Ben Meyers in Punishers zone.
10:22 of 1st period - Backhand shot by Jesse Ylonen.
10:22 of 1st period - Stopped by Thatcher Demko without a rebound.
10:23 of 1st period - Nicolas Petan wins face-off versus Daniel Audette in Canucks zone.
10:48 of 1st period - Karson Kuhlman is hit by Axel Holmstrom and loses puck.
10:55 of 1st period - Wrist shot by William Lockwood.
10:55 of 1st period - Shot Blocked by Urho Vaakanainen.
11:11 of 1st period - Wrist shot by Oskar Lindblom.
11:11 of 1st period - Stopped by Thatcher Demko with a rebound.
11:30 of 1st period - Daniil Miromanov is hit by Ben Betker and loses puck.
11:37 of 1st period - Backhand shot by Carson Meyer.
11:37 of 1st period - Stopped by Thatcher Demko with a rebound.
11:39 of 1st period - Slapshot by Rasmus Sandin.
11:39 of 1st period - Stopped by Thatcher Demko with a rebound.
11:41 of 1st period - Wrist shot by Carson Meyer.
11:41 of 1st period - Stopped by Thatcher Demko with a rebound.
11:43 of 1st period - Snap shot by Adam Ruzicka.
11:43 of 1st period - Stopped by Thatcher Demko with a rebound.
12:34 of 1st period - Wrist shot by Daniel Audette.
12:34 of 1st period - Deflect By Warren Foegele.
12:34 of 1st period - Shot Misses the Net.
12:34 of 1st period - Puck is out of play.
12:35 of 1st period - Lane Pederson wins face-off versus Daniel Audette in Canucks zone.
12:40 of 1st period - Snap shot by Kole Lind.
12:40 of 1st period - Goal by Kole Lind - Punishers : 3 - Canucks : 0.
12:41 of 1st period - Nicolas Petan wins face-off versus Oskar Lindblom in neutral zone.
13:13 of 1st period - Ben Betker is hit by Guillaume Brisebois and loses puck.
13:16 of 1st period - Slapshot by Niko Mikkola.
13:16 of 1st period - Shot Misses the Net.
13:22 of 1st period - Minor Penalty to William Lockwood for Holding Stick.
13:23 of 1st period - Ryan Lomberg wins face-off versus Karson Kuhlman in Canucks zone.
13:34 of 1st period - Wrist shot by Oskar Lindblom.
13:34 of 1st period - Goal by Oskar Lindblom - Punishers : 4 - Canucks : 0.
13:34 of 1st period - Casey DeSmith enters game.
13:35 of 1st period - Nicolas Petan wins face-off versus Karson Kuhlman in neutral zone.
13:35 of 1st period - Ryan Lomberg is hit by Oskar Lindblom and loses puck.
13:42 of 1st period - Snap shot by Oskar Lindblom.
13:42 of 1st period - Deflect By Kurtis Gabriel.
13:42 of 1st period - Stopped by Casey DeSmith without a rebound.
13:43 of 1st period - Nicolas Petan wins face-off versus Kurtis Gabriel in Canucks zone.
13:43 of 1st period - Nicolas Petan is hit by Kurtis Gabriel.
14:33 of 1st period - Slapshot by Kurtis Gabriel.
14:33 of 1st period - Shot Blocked by Juho Lammikko.
14:35 of 1st period - Snap shot by Kurtis Gabriel.
14:35 of 1st period - Stopped by Casey DeSmith without a rebound.
14:36 of 1st period - Daniel Audette wins face-off versus Axel Holmstrom in Canucks zone.
14:42 of 1st period - Off-side.
14:43 of 1st period - Axel Holmstrom wins face-off versus Daniel Audette in neutral zone.
14:48 of 1st period - Wrist shot by William Lockwood.
14:48 of 1st period - Shot Misses the Net.
14:50 of 1st period - Snap shot by William Lockwood.
14:50 of 1st period - Deflect By Trevor Moore.
14:50 of 1st period - Goal by Trevor Moore - Punishers : 4 - Canucks : 1.
14:51 of 1st period - Karson Kuhlman wins face-off versus Nicolas Petan in neutral zone.
15:04 of 1st period - Wrist shot by Nicolas Petan.
15:04 of 1st period - Stopped by Antoine Bibeau without a rebound.
15:05 of 1st period - William Lockwood wins face-off versus Daniel Audette in Punishers zone.
15:20 of 1st period - Backhand shot by Axel Holmstrom.
15:20 of 1st period - Shot Blocked by Kole Lind.
15:49 of 1st period - Icing by Ben Betker.
15:50 of 1st period - Adam Ruzicka wins face-off versus Lane Pederson in Punishers zone.
15:57 of 1st period - Snap shot by Adam Ruzicka.
15:57 of 1st period - Stopped by Casey DeSmith without a rebound.
15:58 of 1st period - Karson Kuhlman wins face-off versus William Lockwood in Canucks zone.
16:01 of 1st period - Backhand shot by Kurtis Gabriel.
16:01 of 1st period - Stopped by Casey DeSmith with a rebound.
16:03 of 1st period - Wrist shot by Urho Vaakanainen.
16:03 of 1st period - Stopped by Casey DeSmith with a rebound.
16:05 of 1st period - Slapshot by Urho Vaakanainen.
16:05 of 1st period - Shot Misses the Net.
16:07 of 1st period - Slapshot by Urho Vaakanainen.
16:07 of 1st period - Stopped by Casey DeSmith without a rebound.
16:08 of 1st period - Karson Kuhlman wins face-off versus Axel Holmstrom in Canucks zone.
16:21 of 1st period - Slapshot by Karson Kuhlman.
16:21 of 1st period - Deflect By Kurtis Gabriel.
16:21 of 1st period - Stopped by Casey DeSmith with a rebound.
16:37 of 1st period - Snap shot by Oskar Lindblom.
16:37 of 1st period - Shot Misses the Net.
16:39 of 1st period - Snap shot by Oskar Lindblom.
16:39 of 1st period - Stopped by Casey DeSmith with a rebound.
16:41 of 1st period - Slapshot by Urho Vaakanainen.
16:41 of 1st period - Stopped by Casey DeSmith with a rebound.
17:11 of 1st period - Snap shot by Kurtis Gabriel.
17:11 of 1st period - Shot Misses the Net.
17:13 of 1st period - Wrist shot by Karson Kuhlman.
17:13 of 1st period - Stopped by Casey DeSmith with a rebound.
17:15 of 1st period - Snap shot by Oskar Lindblom.
17:15 of 1st period - Goal by Oskar Lindblom - Punishers : 5 - Canucks : 1.
17:16 of 1st period - Daniel Audette wins face-off versus Nicolas Petan in neutral zone.
17:22 of 1st period - Icing by Guillaume Brisebois.
17:23 of 1st period - Nicolas Petan wins face-off versus Daniel Audette in Canucks zone.
17:53 of 1st period - Wrist shot by Carson Meyer.
17:53 of 1st period - Shot Misses the Net.
17:55 of 1st period - Slapshot by Niko Mikkola.
17:55 of 1st period - Shot Misses the Net.
17:57 of 1st period - Snap shot by Adam Ruzicka.
17:57 of 1st period - Stopped by Casey DeSmith with a rebound.
18:29 of 1st period - Minor Penalty to Nicolas Beaudin for Holding.
18:30 of 1st period - Nicolas Petan wins face-off versus Karson Kuhlman in Punishers zone.
19:03 of 1st period - Snap shot by William Lockwood.
19:03 of 1st period - Goal by William Lockwood - Punishers : 5 - Canucks : 2.
19:04 of 1st period - Nicolas Petan wins face-off versus Daniel Audette in neutral zone.
19:07 of 1st period - Snap shot by Ryan Lomberg.
19:07 of 1st period - Stopped by Antoine Bibeau without a rebound.
19:08 of 1st period - Daniel Audette wins face-off versus Nicolas Petan in Punishers zone.
19:18 of 1st period - Nicolas Petan is hit by Niko Mikkola and loses puck.
19:39 of 1st period - Wrist shot by Mackenzie MacEachern.
19:39 of 1st period - Shot Misses the Net.
19:41 of 1st period - Slapshot by Will Borgen.
19:41 of 1st period - Deflect By Mackenzie MacEachern.
19:41 of 1st period - Deflect By Niko Mikkola.
19:41 of 1st period - Stopped by Antoine Bibeau without a rebound.
19:42 of 1st period - Daniel Audette wins face-off versus Axel Holmstrom in Punishers zone.
Goals for this period are 5 for Punishers vs 2 for Canucks.
Shots for this period are 28 for Punishers vs 8 for Canucks.
2nd period
0:01 of 2nd period - Karson Kuhlman wins face-off versus Nicolas Petan in neutral zone.
0:14 of 2nd period - Nicolas Petan is hit by Ben Betker and loses puck.
1:21 of 2nd period - Wrist shot by Jesse Ylonen.
1:21 of 2nd period - Goal by Jesse Ylonen - Punishers : 6 - Canucks : 2.
1:22 of 2nd period - Karson Kuhlman wins face-off versus Nicolas Petan in neutral zone.
1:48 of 2nd period - Daniel Audette is hit by Guillaume Brisebois and loses puck.
2:11 of 2nd period - Snap shot by Lane Pederson.
2:11 of 2nd period - Stopped by Antoine Bibeau with a rebound.
2:33 of 2nd period - Snap shot by Jesse Ylonen.
2:33 of 2nd period - Stopped by Casey DeSmith with a rebound.
3:14 of 2nd period - Daniil Miromanov is hit by Nicolas Beaudin and loses puck.
3:47 of 2nd period - Snap shot by Trevor Moore.
3:47 of 2nd period - Deflect By Tobias Lindberg.
3:47 of 2nd period - Shot Misses the Net.
3:47 of 2nd period - Puck is out of play.
3:48 of 2nd period - Lane Pederson wins face-off versus Karson Kuhlman in Punishers zone.
4:23 of 2nd period - Wrist shot by Adam Ruzicka.
4:23 of 2nd period - Deflect By Nicolas Petan.
4:23 of 2nd period - Shot Misses the Net.
4:23 of 2nd period - Puck is out of play.
4:24 of 2nd period - Axel Holmstrom wins face-off versus Daniel Audette in Canucks zone.
4:35 of 2nd period - Warren Foegele is hit by Trevor Moore and loses puck.
5:12 of 2nd period - Ben Betker is hit by C.J. Smith and loses puck.
5:19 of 2nd period - Warren Foegele is hit by C.J. Smith and loses puck.
5:38 of 2nd period - Snap shot by Daniel Audette.
5:38 of 2nd period - Shot Misses the Net.
5:40 of 2nd period - Wrist shot by Warren Foegele.
5:40 of 2nd period - Shot Misses the Net.
5:46 of 2nd period - Snap shot by Daniel Audette.
5:46 of 2nd period - Stopped by Casey DeSmith with a rebound.
5:48 of 2nd period - Slapshot by Rasmus Sandin.
5:48 of 2nd period - Deflect By Daniel Audette.
5:48 of 2nd period - Goal by Daniel Audette - Punishers : 7 - Canucks : 2.
5:49 of 2nd period - Nicolas Petan wins face-off versus Karson Kuhlman in neutral zone.
5:51 of 2nd period - Adam Ollas-Mattsson is hit by Ben Betker and loses puck.
6:21 of 2nd period - Wrist shot by Adam Ruzicka.
6:21 of 2nd period - Shot Misses the Net.
6:23 of 2nd period - Snap shot by Adam Ruzicka.
6:23 of 2nd period - Shot Misses the Net.
6:41 of 2nd period - Minor Penalty to Ben Meyers for Hooking.
6:42 of 2nd period - Oskar Lindblom wins face-off versus Nicolas Petan in Punishers zone.
6:51 of 2nd period - Wrist shot by Juho Lammikko.
6:51 of 2nd period - Shot Misses the Net.
6:53 of 2nd period - Slapshot by William Lagesson.
6:53 of 2nd period - Deflect By Ben Betker.
6:53 of 2nd period - Stopped by Antoine Bibeau with a rebound.
8:00 of 2nd period - Daniil Miromanov is hit by Warren Foegele and loses puck.
8:07 of 2nd period - Snap shot by Jesse Ylonen.
8:07 of 2nd period - Stopped by Casey DeSmith with a rebound.
8:41 of 2nd period - Penalty to Ben Meyers is over, Ben Meyers is back on ice.
9:09 of 2nd period - Wrist shot by Jesse Ylonen.
9:09 of 2nd period - Shot Misses the Net.
9:11 of 2nd period - Wrist shot by Urho Vaakanainen.
9:11 of 2nd period - Shot Blocked by C.J. Smith.
9:20 of 2nd period - Slapshot by Nicolas Beaudin.
9:20 of 2nd period - Shot Misses the Net.
10:33 of 2nd period - Slapshot by Urho Vaakanainen.
10:33 of 2nd period - Shot Blocked by Adam Ollas-Mattsson.
10:35 of 2nd period - Slapshot by Urho Vaakanainen.
10:35 of 2nd period - Shot Misses the Net.
10:57 of 2nd period - Wrist shot by C.J. Smith.
10:57 of 2nd period - Stopped by Antoine Bibeau with a rebound.
11:05 of 2nd period - Slapshot by Nicolas Beaudin.
11:05 of 2nd period - Deflect By Oskar Lindblom.
11:05 of 2nd period - Stopped by Casey DeSmith with a rebound.
11:07 of 2nd period - Slapshot by Urho Vaakanainen.
11:07 of 2nd period - Shot Blocked by William Lagesson.
11:39 of 2nd period - Wrist shot by Oskar Lindblom.
11:39 of 2nd period - Shot Misses the Net.
11:53 of 2nd period - Wrist shot by Oskar Lindblom.
11:53 of 2nd period - Shot Misses the Net.
11:55 of 2nd period - Wrist shot by Jesse Ylonen.
11:55 of 2nd period - Goal by Jesse Ylonen - Punishers : 8 - Canucks : 2.
11:55 of 2nd period - Thatcher Demko enters game.
11:56 of 2nd period - Nicolas Petan wins face-off versus Daniel Audette in neutral zone.
12:22 of 2nd period - Nicolas Petan is hit by Carson Meyer and loses puck.
12:44 of 2nd period - Daniil Miromanov is hit by Daniel Audette and loses puck.
13:19 of 2nd period - Slapshot by Daniil Miromanov.
13:19 of 2nd period - Shot Blocked by Ben Betker.
13:21 of 2nd period - Snap shot by Mackenzie MacEachern.
13:21 of 2nd period - Stopped by Antoine Bibeau with a rebound.
13:23 of 2nd period - Slapshot by Guillaume Brisebois.
13:23 of 2nd period - Stopped by Antoine Bibeau with a rebound.
15:30 of 2nd period - Icing by Karson Kuhlman.
15:31 of 2nd period - Axel Holmstrom wins face-off versus Daniel Audette in Punishers zone.
16:43 of 2nd period - William Lockwood is hit by Ryan Suzuki and loses puck.
17:17 of 2nd period - Icing by Urho Vaakanainen.
17:18 of 2nd period - Adam Ruzicka wins face-off versus C.J. Smith in Punishers zone.
17:35 of 2nd period - Minor Penalty to Tobias Lindberg for Tripping.
17:36 of 2nd period - Ryan Lomberg wins face-off versus Karson Kuhlman in Canucks zone.
17:48 of 2nd period - Wrist shot by Nicolas Petan.
17:48 of 2nd period - Deflect By Ryan Lomberg.
17:48 of 2nd period - Shot Misses the Net.
17:48 of 2nd period - Puck is out of play.
17:49 of 2nd period - Ryan Lomberg wins face-off versus Karson Kuhlman in Punishers zone.
17:52 of 2nd period - Slapshot by Ryan Lomberg.
17:52 of 2nd period - Stopped by Antoine Bibeau without a rebound.
17:53 of 2nd period - Karson Kuhlman wins face-off versus Ryan Lomberg in Punishers zone.
17:53 of 2nd period - Karson Kuhlman is hit by Ryan Lomberg.
18:16 of 2nd period - Icing by Ben Betker.
18:17 of 2nd period - Ryan Lomberg wins face-off versus Karson Kuhlman in Punishers zone.
19:21 of 2nd period - Nicolas Beaudin is hit by Guillaume Brisebois.
19:35 of 2nd period - Penalty to Tobias Lindberg is over, Tobias Lindberg is back on ice.
19:49 of 2nd period - Jack Rathbone is hit by Adam Ruzicka and loses puck.
Goals for this period are 3 for Punishers vs 0 for Canucks.
Shots for this period are 7 for Punishers vs 6 for Canucks.
3rd period
0:01 of 3rd period - Karson Kuhlman wins face-off versus Nicolas Petan in neutral zone.
0:04 of 3rd period - William Lagesson is hit by Ben Betker and loses puck.
1:06 of 3rd period - Snap shot by Adam Ruzicka.
1:06 of 3rd period - Deflect By Jesse Ylonen.
1:06 of 3rd period - Shot Misses the Net.
1:06 of 3rd period - Puck is out of play.
1:07 of 3rd period - Aleksi Heponiemi wins face-off versus Oskar Lindblom in Canucks zone.
2:42 of 3rd period - Snap shot by Kole Lind.
2:42 of 3rd period - Shot Misses the Net.
3:22 of 3rd period - Braden Tracey is hit by Trevor Moore and loses puck.
3:41 of 3rd period - Minor Penalty to William Lagesson for Tripping.
3:42 of 3rd period - Ryan Lomberg wins face-off versus Karson Kuhlman in Canucks zone.
4:09 of 3rd period - Ryan Lomberg is hit by Nicolas Beaudin and loses puck.
5:41 of 3rd period - Penalty to William Lagesson is over, William Lagesson is back on ice.
5:47 of 3rd period - Wrist shot by Juho Lammikko.
5:47 of 3rd period - Shot Blocked by Urho Vaakanainen.
5:49 of 3rd period - Slapshot by Will Borgen.
5:49 of 3rd period - Deflect By Trevor Moore.
5:49 of 3rd period - Shot Blocked by Urho Vaakanainen.
5:49 of 3rd period - Puck is out of play.
5:50 of 3rd period - Lane Pederson wins face-off versus Adam Ruzicka in Punishers zone.
5:53 of 3rd period - Wrist shot by Tobias Lindberg.
5:53 of 3rd period - Stopped by Antoine Bibeau without a rebound.
5:54 of 3rd period - Lane Pederson wins face-off versus Adam Ruzicka in Punishers zone.
6:00 of 3rd period - Minor Penalty to Braden Tracey for Holding.
6:01 of 3rd period - Nicolas Petan wins face-off versus Oskar Lindblom in Punishers zone.
6:01 of 3rd period - Snap shot by Ryan Lomberg.
6:01 of 3rd period - Goal by Ryan Lomberg - Punishers : 8 - Canucks : 3.
6:02 of 3rd period - Karson Kuhlman wins face-off versus Nicolas Petan in neutral zone.
6:17 of 3rd period - Wrist shot by Nicolas Petan.
6:17 of 3rd period - Stopped by Antoine Bibeau with a rebound.
6:36 of 3rd period - Niko Mikkola is hit by Axel Holmstrom.
6:56 of 3rd period - Wrist shot by Lane Pederson.
6:56 of 3rd period - Shot Misses the Net.
6:58 of 3rd period - Snap shot by Lane Pederson.
6:58 of 3rd period - Stopped by Antoine Bibeau without a rebound.
6:59 of 3rd period - Nicolas Petan wins face-off versus Karson Kuhlman in Punishers zone.
7:03 of 3rd period - Minor Penalty to Nicolas Beaudin for Interference.
7:04 of 3rd period - Oskar Lindblom wins face-off versus Nicolas Petan in Punishers zone.
7:34 of 3rd period - Wrist shot by Axel Holmstrom.
7:34 of 3rd period - Goal by Axel Holmstrom - Punishers : 8 - Canucks : 4.
7:35 of 3rd period - Karson Kuhlman wins face-off versus Juho Lammikko in neutral zone.
7:46 of 3rd period - Slapshot by Oskar Lindblom.
7:46 of 3rd period - Shot Blocked by Juho Lammikko.
8:54 of 3rd period - Slapshot by Aleksi Heponiemi.
8:54 of 3rd period - Shot Misses the Net.
8:56 of 3rd period - Wrist shot by C.J. Smith.
8:56 of 3rd period - Shot Blocked by Niko Mikkola.
9:06 of 3rd period - Slapshot by Trevor Moore.
9:06 of 3rd period - Stopped by Antoine Bibeau with a rebound.
9:08 of 3rd period - Slapshot by Trevor Moore.
9:08 of 3rd period - Stopped by Antoine Bibeau with a rebound.
10:28 of 3rd period - Kurtis Gabriel is hit by Will Borgen and loses puck.
10:38 of 3rd period - Nicolas Beaudin is hit by Ryan Lomberg.
11:38 of 3rd period - Urho Vaakanainen is hit by Trevor Moore and loses puck.
11:57 of 3rd period - Ryan Lomberg is hit by Kurtis Gabriel and loses puck.
12:10 of 3rd period - Ben Betker is hit by Tobias Lindberg and loses puck.
12:36 of 3rd period - Ryan Lomberg is hit by Braden Tracey and loses puck.
12:52 of 3rd period - Ryan Lomberg is hit by Kurtis Gabriel and loses puck.
13:39 of 3rd period - Wrist shot by Trevor Moore.
13:39 of 3rd period - Stopped by Antoine Bibeau with a rebound.
13:47 of 3rd period - William Lockwood is hit by Adam Ruzicka and loses puck.
14:00 of 3rd period - Snap shot by Daniil Miromanov.
14:00 of 3rd period - Stopped by Antoine Bibeau with a rebound.
14:09 of 3rd period - Icing by Mackenzie MacEachern.
14:10 of 3rd period - Lane Pederson wins face-off versus Daniel Audette in Canucks zone.
14:18 of 3rd period - Backhand shot by Lassi Thomson.
14:18 of 3rd period - Deflect By Kole Lind.
14:18 of 3rd period - Shot Misses the Net.
14:18 of 3rd period - Puck is out of play.
14:19 of 3rd period - Daniel Audette wins face-off versus Axel Holmstrom in Canucks zone.
14:20 of 3rd period - Snap shot by Warren Foegele.
14:20 of 3rd period - Stopped by Thatcher Demko with a rebound.
14:40 of 3rd period - Slapshot by Will Borgen.
14:40 of 3rd period - Shot Misses the Net.
14:42 of 3rd period - Wrist shot by Jack Rathbone.
14:42 of 3rd period - Shot Misses the Net.
14:44 of 3rd period - Wrist shot by Trevor Moore.
14:44 of 3rd period - Goal by Trevor Moore - Punishers : 8 - Canucks : 5.
14:45 of 3rd period - Nicolas Petan wins face-off versus Karson Kuhlman in neutral zone.
14:47 of 3rd period - Off-side.
14:48 of 3rd period - Nicolas Petan wins face-off versus Karson Kuhlman in neutral zone.
15:22 of 3rd period - Slapshot by Axel Holmstrom.
15:22 of 3rd period - Shot Misses the Net.
15:24 of 3rd period - Slapshot by Axel Holmstrom.
15:24 of 3rd period - Stopped by Antoine Bibeau without a rebound.
15:25 of 3rd period - Axel Holmstrom wins face-off versus Adam Ruzicka in Punishers zone.
15:32 of 3rd period - Slapshot by Axel Holmstrom.
15:32 of 3rd period - Shot Misses the Net.
15:46 of 3rd period - Minor Penalty to Axel Holmstrom for Hooking.
15:47 of 3rd period - Karson Kuhlman wins face-off versus Ryan Lomberg in Canucks zone.
15:54 of 3rd period - Wrist shot by Oskar Lindblom.
15:54 of 3rd period - Stopped by Thatcher Demko with a rebound.
15:56 of 3rd period - Slapshot by Niko Mikkola.
15:56 of 3rd period - Shot Misses the Net.
15:58 of 3rd period - Slapshot by Kurtis Gabriel.
15:58 of 3rd period - Shot Misses the Net.
16:00 of 3rd period - Slapshot by Niko Mikkola.
16:00 of 3rd period - Deflect By Karson Kuhlman.
16:00 of 3rd period - Stopped by Thatcher Demko with a rebound.
16:02 of 3rd period - Wrist shot by Kurtis Gabriel.
16:02 of 3rd period - Shot Blocked by William Lagesson.
16:12 of 3rd period - William Lagesson is hit by Daniel Audette and loses puck.
17:46 of 3rd period - Penalty to Axel Holmstrom is over, Axel Holmstrom is back on ice.
18:32 of 3rd period - Minor Penalty to Lane Pederson for Hooking.
18:33 of 3rd period - Daniel Audette wins face-off versus Ryan Lomberg in Canucks zone.
18:35 of 3rd period - Snap shot by Warren Foegele.
18:35 of 3rd period - Shot Misses the Net.
18:37 of 3rd period - Wrist shot by Ben Betker.
18:37 of 3rd period - Stopped by Thatcher Demko without a rebound.
18:38 of 3rd period - Daniel Audette wins face-off versus Ryan Lomberg in Canucks zone.
18:49 of 3rd period - Wrist shot by Daniel Audette.
18:49 of 3rd period - Goal by Daniel Audette - Punishers : 9 - Canucks : 5.
18:50 of 3rd period - Ryan Lomberg wins face-off versus Karson Kuhlman in neutral zone.
18:54 of 3rd period - Off-side.
18:55 of 3rd period - Nicolas Petan wins face-off versus Karson Kuhlman in neutral zone.
19:00 of 3rd period - Ryan Lomberg is hit by Ben Betker and loses puck.
Goals for this period are 1 for Punishers vs 3 for Canucks.
Shots for this period are 5 for Punishers vs 11 for Canucks.